 Dungeon Crawl Stone Soup version 0.28-a0-503-g83f2989fac (webtiles) character file.

Game seed: 6990732080083365974

0 meatgazer the Skirmisher (level 1, -8/18 HPs)
             Began as a Demonspawn Abyssal Knight on Sept 20, 2021.
             Was a Follower of Lugonu.
             Killed from afar by a wretched star (26 damage)
             ... with a lance of force
             ... on level 1 of the Abyss.
             The game lasted 00:00:21 (176 turns).

meatgazer the Skirmisher (Demonspawn Abyssal Knight) Turns: 176, Time: 00:00:22

Health: -8/18      AC:  1    Str:  9    XL:     1   Next: 0%
Magic:  2/2        EV: 11    Int: 11    God:    Lugonu [*.....]
Gold:   0          SH:  0    Dex: 13    Spells: 0/0 levels left

rFire   . . .      SeeInvis .   a - +1 spear
rCold   . . .      Faith    .   (no shield)
rNeg    . . .      Spirit   .   b - +0 leather armour
rPois   .          Reflect  .   (no helmet)
rElec   .          Harm     .   (no cloak)
rCorr   .          Rampage  .   (no gloves)
Will    .....                   (no boots)
Stlth   +.........              (no amulet)
HPRegen 0.06/turn               (no ring)
MPRegen 0.08/turn               (no ring)

@: no status effects
A: [deformed body], [weak 2], [no potion heal 2]
a: Renounce Religion, Depart the Abyss


You were on level 1 of the Abyss.
You worshipped Lugonu.
Lugonu was aware of your devotion.
You visited 0 branches of the dungeon, and saw 0 of its levels.
You visited the Abyss 1 time.

Inventory:

Hand Weapons
 a - a +1 spear (weapon)
Armour
 b - a +0 leather armour (worn)


   Skills:
 + Level 3.0 Fighting
 + Level 1.7 Polearms
 + Level 1.7 Armour
 + Level 0.8 Dodging
 + Level 2.4 Invocations


You couldn't memorise any spells.
You didn't know any spells.
Your spell library was empty.

Dungeon Overview and Level Annotations

Branches:
Dungeon (0/15)

Altars:


Innate Abilities, Weirdness & Mutations

[Armour fits poorly on your strangely shaped body.]
[You are very weak. (Str -4)]
[Potions cannot restore your health.]


Message History

Welcome, meatgazer the Demonspawn Abyssal Knight.
Will you be the one to retrieve the fabulous Orb of Zot from the depths?
Lugonu says: Depart the Abyss and spread corruption, my servant! (use the ability menu to exit the Abyss) Press ? for a list of commands and other information.
Found a corrupted altar of Lugonu.
Found 17 stones.
Found a gateway leading out of the Abyss.
There is a gateway leading out of the Abyss here.
There is a gateway leading out of the Abyss here.
A tentacled starspawn comes into view.
A tentacled starspawn is nearby!
Tentacles burst from the starspawn's body! 2 starspawn tentacles come into view.
A wretched star comes into view.
The wretched star pulses with an eldritch light!
Your body twists and deforms.
Your system partially rejects the healing effects of potions.
Your system completely rejects the healing effects of potions.
The wretched star pulses with an eldritch light!
You feel weaker. x2
A shadow dragon skeleton comes into view.
The wretched star glows turbulently.
The lance of force hits you!!
Ouch! That really hurt!
You die...

#. #..## # #. ....
#.#.. #.#. . # ...#.#
...##. .. #.....#
#.#...## .# .
......#...#...####.
.#.
..#.#...#..#.##..#. .
..
#......@..#........##
. ...#.#..*...#.##
#... #.#Z..#.....
#..#...
#...#.#..##.## . ##.
###.#X..#.#..# # . #
#.#.##.#...### ...
.##.#.....#.. #. ## .
#..##...#.###..##
##...##..## .. #


You could see a tentacled starspawn, a wretched star and a shadow dragon
skeleton.

Vanquished Creatures (others)
  4 starspawn tentacles (Abyss:1)
4 creatures vanquished.

Notes
Turn   | Place    | Note
-------+----------+-------------------------------------------
     0 | Abyss:1  | meatgazer the Demonspawn Abyssal Knight began the quest for
                  | the Orb.
     0 | Abyss:1  | Reached XP level 1. HP: 18/18 MP: 2/2
   111 | Abyss:1  | Found a corrupted altar of Lugonu.
   140 | Abyss:1  | Noticed a tentacled starspawn
   169 | Abyss:1  | Noticed a wretched star
   173 | Abyss:1  | Noticed a shadow dragon skeleton
   176 | Abyss:1  | Killed from afar by a wretched star

Illustrated notes

Levels and vault maps discovered:
Abyss:1:  base: Temple, hangedman_abyss_or_decor_slice, base:
Temple

Table legend: (Time is in decaauts)
 A = Elapsed time spent in this place.
 B = Non-inter-level travel time spent in this place.
 C = Inter-level travel time spent in this place.
 D = Time resting spent in this place.
 E = Time spent auto-exploring this place.
 F = Levels seen in this place.
 G = Mean time per level.
                   A        B        C        D        E       F      G
               +--------+--------+--------+--------+--------+-----+--------+
         Total |    176 |    176 |      0 |      0 |    146 |   1 |  176.0 |
         Abyss |    176 |    176 |      0 |      0 |    146 |   1 |  176.0 |
               +--------+--------+--------+--------+--------+-----+--------+

Top non-repeatable levels by time:
 Abyss:1: 176 daAuts
